cohdb
Replays
Latest Replays
All Replays
Popular Replays
Top Player Replays
Match Explorer
How It Works
Community
CoH3 Stats
Reddit
Sign in to upload your games and track your stats! →
Sign in with Steam
Match 39780448
Unlisted
Match 39780448
Overview
Messages
Build Orders
End
Construct Barracks
Riflemen Squad
Riflemen Squad
Riflemen Squad
Grenade Package
Infantry Support Center
Construct Motor Pool
Engineer Squad
M8 Greyhound Armored Car
Construct Medical Station
M8 Greyhound Armored Car
Selects Armored Battlegroup
Selects Veteran Crews
Selects Field Repairs
M1918 Browning Automatic Rifles
Selects War Machine
Construct Weapon Support Center
Sniper
Selects Strength in Steel
Bazooka Squad
M1 Anti-tank Gun Team
Engineer Squad
Construct Tank Depot
Selects Seek and Destroy
Selects UNKNOWN (2160077)
M4A3E8 Sherman Easy Eight
M1919 Machine Gun Team
Seek and Destroy
M4A3E8 Sherman Easy Eight
M3 Armored Personnel Carrier
Seek and Destroy
SMOKO
ZuluKobra
sharpshooter
Ghost
0
0
Comments
sign in to comment!
No comments posted yet!